 Dungeon Crawl Stone Soup version 0.26.0-16-gc1dbca0489 (webtiles) character file.

Game seed: 17141900726001345078

154 Eitelfritz the Slasher (level 5, -5/45 HPs)
             Began as a Minotaur Gladiator on Jan 19, 2021.
             Slain by an orc warrior
             ... wielding a +0 glaive
              (16 damage)
             ... on level 3 of the Dungeon.
             The game lasted 00:03:52 (1653 turns).

Eitelfritz the Slasher (Minotaur Gladiator)         Turns: 1653, Time: 00:03:53

Health: -5/45      AC:  6    Str: 19    XL:     5   Next: 13%
Magic:  4/4        EV: 12    Int:  6    God:
Gold:   149        SH:  0    Dex: 11    Spells: 4/4 levels left

rFire    . . .     SeeInvis .   a - +0 long sword
rCold    . . .     Faith    .   (no shield)
rNeg     . . .     Spirit   .   e - +0 ring mail
rPois    .         Reflect  .   c - +0 hat
rElec    .         Harm     .   (no cloak)
rCorr    .         Rampage  .   m - +0 pair of gloves
Will     .....                  (no boots)
Stlth    +.........             (no amulet)
HPRegen  0.15/turn              (no ring)
MPRegen  0.09/turn              (no ring)

@: no status effects
A: retaliatory headbutt, horns 2
a: no special abilities


You were on level 3 of the Dungeon.
You visited 1 branch of the dungeon, and saw 3 of its levels.

You collected 149 gold pieces.

Inventory:

Hand Weapons
 a - a +0 long sword (weapon)
Missiles
 b - 20 poisoned darts
 d - 3 throwing nets (quivered)
Armour
 c - a +0 hat (worn)
 e - a +0 ring mail (worn)
 h - a cursed +0 scale mail
 j - a +0 chain mail
 m - a +0 pair of gloves (worn)
Jewellery
 l - an uncursed ring of magical power {unknown}
Scrolls
 g - 2 scrolls of identify {unknown}
 i - 3 scrolls of enchant armour {unknown}
 k - 3 scrolls of magic mapping {unknown}
 n - 2 scrolls of teleportation {unknown}
 o - a scroll of blinking {unknown}
 p - a scroll of remove curse {unknown}
Potions
 f - 2 potions of curing {unknown}


   Skills:
 + Level 3.3 Fighting
 + Level 5.3 Long Blades
 + Level 2.2 Throwing
 + Level 2.0 Armour
 + Level 4.1 Dodging
 + Level 0.2 Stealth


You had 4 spell levels left.
You didn't know any spells.
Your spell library was empty.

Dungeon Overview and Level Annotations

Branches:
Dungeon (3/15)

Altars:
Ru


Innate Abilities, Weirdness & Mutations

You reflexively headbutt those who attack you in melee.
You have a pair of horns on your head.


Message History

The orc warrior is heavily wounded.
The orc warrior barely misses you. You furiously retaliate!
You headbutt the orc warrior, but do no damage.
You barely miss the orc warrior.
The orc warrior is heavily wounded.
The orc wizard casts a spell.
The orc wizard seems to speed up.
The orc warrior hits you with a +0 glaive!
* * * LOW HITPOINT WARNING * * *
You hit the orc warrior but do no damage.
You headbutt the orc warrior.
The orc warrior is heavily wounded.
The orc warrior closely misses you.
You hit the orc warrior but do no damage.
The orc warrior is heavily wounded.
An orc comes into view. It is wielding a +0 trident.
You barely miss the orc warrior. Your headbutt misses the orc warrior.
The orc warrior is heavily wounded.
The orc warrior hits you with a +0 glaive!
You die... ....o ...
Ko.
Kog

### #o# .. #{#
#.# #o# #..
#@#
#.####.#######
#......)......
##.###.#######
#..##.#
#..##.#
#...#.#
#†#.#.#
#.#)..#


You could see an orc warrior, an orc wizard (fast), 3 orcs, a hobgoblin and 2
kobolds.

Vanquished Creatures
  Jessica (D:2)
  Natasha (thrice) (D:2)
  A leopard gecko (D:1)
  9 giant cockroaches
  6 goblins
  4 hobgoblins
  5 jackals (D:2)
  A ball python (D:1)
  7 bats
  2 frilled lizards
  7 kobolds
  5 rats
51 creatures vanquished.

Notes
Turn   | Place    | Note
-------+----------+-------------------------------------------
     0 | D:1      | Eitelfritz the Minotaur Gladiator began the quest for the
                  | Orb.
     0 | D:1      | Reached XP level 1. HP: 18/18 MP: 0/0
    44 | D:1      | Reached skill level 4 in Long Blades
    44 | D:1      | Reached XP level 2. HP: 25/25 MP: 1/1
   412 | D:1      | Reached XP level 3. HP: 30/30 MP: 2/2
   803 | D:2      | Found a sacrificial altar of Ru.
   855 | D:2      | Noticed Jessica
   859 | D:2      | Killed Jessica
   860 | D:2      | Reached skill level 1 in Armour
   860 | D:2      | Reached XP level 4. HP: 29/38 MP: 3/3
  1007 | D:2      | Noticed Natasha
  1014 | D:2      | Killed Natasha
  1015 | D:2      | Reached skill level 5 in Long Blades
  1347 | D:2      | Noticed Natasha
  1352 | D:2      | Killed Natasha
  1510 | D:2      | Noticed Natasha
  1522 | D:2      | Killed Natasha
  1523 | D:2      | Reached XP level 5. HP: 43/45 MP: 4/4
  1640 | D:3      | Noticed an orc warrior
  1653 | D:3      | Slain by an orc warrior

Illustrated notes

Levels and vault maps discovered:
D:1:      minmay_arrival_jagged, layout_rooms
D:2:      layout_loops_ring, nicolae_ru_awakened_eye, uniq_natasha, uniq_jessica
D:3:      layout_basic, lemuel_coloured_pillars_altar,
          chequers_ecumenical_altar_island, uniq_ijyb

Skill      XL: |  1  2  3  4  5 |
---------------+----------------+-----
Long Blades    | 4 5 |  5.3
Fighting       | 3 |  3.3
Armour         | 1 2 |  2.0
Dodging        | 4 |  4.1
Throwing       | |  2.2
Stealth        | |  0.2

Action                   |  1- 3 |  4- 6 || total
-------------------------+-------+-------++-------
Melee: Long sword        |    52 |    38 ||    90
       Headbutt          |    10 |     9 ||    19
Armor: Leather armour    |     1 |       ||     1
       Ring mail         |    25 |     8 ||    33
Dodge: Dodged            |    41 |    30 ||    71
       Rpst.: Long sword |    10 |     2 ||    12
